 Dungeon Crawl Stone Soup version 0.31-a0-977-gc230f8ef24 (webtiles) character file.

Game seed: 4160946258049327102

25812 pokeman the Eclecticist (level 12, 0/66 HPs)
             Began as a Deep Elf Hedge Wizard on Oct 29, 2023.
             Was an Elder of Vehumet.
             Slain by a skeletal warrior
             ... wielding a +0 scimitar
             ... led by a death knight
              (18 damage)
             ... on level 14 of the Dungeon.
             The game lasted 00:44:50 (12515 turns).

pokeman the Eclecticist (Deep Elf Hedge Wizard)    Turns: 12515, Time: 00:44:51

Health: 0/66       AC: 11    Str:  7    XL:     12   Next: 92%
Magic:  3/35       EV: 23    Int: 34    God:    Vehumet [****..]
Gold:   840        SH:  0    Dex: 14    Spells: 28/46 levels left

rFire   . . .        J - +11 Screaming Sword {sonic wave}
rCold   . . .        (no shield)
rNeg    . . .        f - +2 robe {Will+}
rPois   +            N - +2 helmet {Int+3}
rElec   .            B - +1 cloak of Starlight {*Dazzle EV+4 Stlth--}
rCorr   .            (no gloves)
SInv    .            v - +1 pair of boots
Will    ++...        i - amulet of magic regeneration Stlth
                     e - +6 ring of intelligence
HPRegen 0.31/turn    r - ring of poison resistance
MPRegen 0.64/turn

%: no passive effects
@: slowed, studying Dodging, very slow
A: no striking features
a: Renounce Religion


You were on level 14 of the Dungeon.
You worshipped Vehumet.
Vehumet was greatly pleased with you.
You visited 2 branches of the dungeon, and saw 15 of its levels.
You also visited: Ossuary and Bailey.

You collected 1110 gold pieces.
You spent 270 gold pieces at shops.

Inventory:

Hand Weapons
 J - the +11 Screaming Sword (weapon) {sonic wave}
   (You found it on level 6 of the Dungeon)
Missiles
 D - 2 throwing nets
Armour
 f - a +2 robe of willpower (worn)
 g - a +1 robe of cold resistance
 t - the +1 helmet "Ziuwaul" {+Blink Str+2}
   (You found it on level 13 of the Dungeon)

   Str+2:     It affects your strength (+2).
   +Blink:    It lets you blink.
 v - a +1 pair of boots (worn)
 B - the +1 cloak of Starlight (worn) {*Dazzle EV+4 Stlth--}
   (You found it on level 5 of the Dungeon)

   *Dazzle:   It may blind those who miss an attack against the wearer in melee
   combat.
   EV+4:      It affects your evasion (+4).
   Stlth--:   It makes you much less stealthy.
 N - a +2 helmet of intelligence (worn)
 O - a +2 buckler
 S - a +1 ring mail of fire resistance
Magical Staves
 h - a staff of cold
 s - a staff of air
Jewellery
 b - a ring of fire
 e - a +6 ring of intelligence (left hand)
 i - an amulet of magic regeneration (around neck)
 q - a ring of see invisible
 r - a ring of poison resistance (right hand)
Wands
 c - a wand of quicksilver (9)
 k - a wand of flame (15)
 l - a wand of mindburst (7)
 T - a wand of roots (3)
 W - a wand of paralysis (2)
Scrolls
 j - a scroll of revelation
 m - a scroll of fog
 w - 7 scrolls of fear
 x - a scroll of poison {unknown}
 z - 2 scrolls of torment {unknown}
 C - 2 scrolls of brand weapon {unknown}
 G - 5 scrolls of enchant weapon {unknown}
 I - a scroll of acquirement {unknown}
 K - 3 scrolls of immolation {unknown}
 L - 3 scrolls of teleportation {unknown}
 M - a scroll of amnesia {unknown}
Potions
 d - 2 potions of magic
 n - a potion of attraction
 o - 3 potions of haste
 p - 2 potions of resistance {unknown}
 E - 2 potions of enlightenment
 F - 4 potions of lignification {unknown}
 H - 4 potions of curing {unknown}
 U - a potion of heal wounds {unknown}
Miscellaneous
 a - a phantom mirror
 u - a sack of spiders
 Q - a lightning rod (4/4)
 R - a condenser vane


   Skills:
 - Level 4.0 Fighting
 - Level 4.1 Armour
 + Level 13.7 Dodging
 - Level 3.0 Stealth
 + Level 4.8 Shields
 * Level 17.5 Spellcasting
 + Level 10.2 Conjurations
 - Level 1.1 Summonings
 - Level 1.1 Translocations
 + Level 7.5 Fire Magic
 - Level 1.1 Ice Magic
 - Level 1.1 Air Magic
 - Level 4.0 Earth Magic
 - Level 1.2 Poison Magic
 - Level 1.0 Evocations


You had 28 spell levels left.
You knew the following spells:

 Your Spells              Type           Power      Damage    Failure   Level
a - Magic Dart            Conj           100%       1d8       0%          1
b - Mephitic Cloud        Conj/Pois/Air  55%        N/A       1%          3
c - Call Imp              Summ           74%        N/A       1%          2
d - Blink                 Tloc           74%        N/A       1%          2
e - Foxfire               Conj/Fire      100%       2x1d9     1%          1
f - Stone Arrow           Conj/Erth      100%       3d13      1%          3
g - Starburst             Conj/Fire      37%        6d11      1%          6

Your spell library contained the following spells:

 Spells                   Type           Power      Damage    Failure   Level
 Olgreb's Toxic Radiance  Pois           38%        N/A       2%          4
 Freeze                   Ice            100%       1d10      1%          1
 Sandblast                Erth           100%       2d20      1%          1
 Slow                     Hex            100%       N/A       1%          1
 Cigotuvi's Dreadful Rot  Necr/Pois/Air  70%        N/A       1%          2
 Passwall                 Tmut/Erth      35%        N/A       1%          2
 Dazzling Flash           Conj/Hex       100%       N/A       1%          3
 Frozen Ramparts          Ice            74%        1d12      1%          3
 Hailstorm                Conj/Ice       62%        3d13      1%          3
 Volatile Blastmotes      Fire/Tloc      100%       2d18      1%          3
 Brom's Barrelling Bould  Conj/Erth      67%        2d8       1%          4
 Petrify                  Tmut/Erth      43%        N/A       5%          4
 Summon Forest            Summ/Tloc      18%        N/A       22%         5
 Metabolic Englaciation   Hex/Ice        16%        N/A       26%         5
 Eringya's Noxious Bog    Tmut/Pois      17%        4d6       34%         6
 Summon Hydra             Summ           18%        N/A       100%        7
 Maxwell's Capacitive Co  Air            18%        ∞         100%        8


Dungeon Overview and Level Annotations

Branches:
Dungeon (14/15)            Temple (1/1) D:7            Lair (0/5) D:10
    Orc (0/2) D:10        Ossuary (visited)          Bailey (visited)
 Vaults: D:13-14

Altars:
Ashenzari
Cheibriados
Dithmenos
Elyvilon
Fedhas
Gozag
Hepliaklqana
Kikubaaqudgha
Makhleb
Nemelex Xobeh
Okawaru
Qazlal
Ru
Sif Muna
Trog
Uskayaw
Vehumet
Wu Jian
Xom
Yredelemnul
The Shining One

Shops:
D:1 ([   D:3 =   D:7 =

Annotations:
D:5 3 runed translucent doors, Gormless's ghost, novice HOMo


Message History

You feel your power returning.
The bolt of fire misses the skeletal warrior.
The death knight seems less confused.
The wraith completely misses you. The wraith hits you.
A skeletal warrior opens the door.
Unknown command.
Casting: Starburst (dangerous; 1% risk of failure)
Confirm with . or Enter, or press ? or * to list all spells.
Casting: Starburst (dangerous; 1% risk of failure)
Press: ? - help, Dir - look around, f - activate The bolt of fire hits the wraith!!
You destroy the wraith!
Vehumet accepts your kill.
Vehumet offers you knowledge of Olgreb's Toxic Radiance.
The bolt of fire hits the skeletal warrior!!
The skeletal warrior is heavily damaged.
The bolt of fire hits the skeletal warrior!
The skeletal warrior is severely damaged.
The skeletal warrior barely misses you.
The skeletal warrior hits you with a +0 scimitar.
Unknown command.
Unknown command.
Casting: Starburst (dangerous; 1% risk of failure)
Confirm with . or Enter, or press ? or * to list all spells.
You don't have enough magic to cast this spell.
Unknown command.
The skeletal warrior closely misses you.
The skeletal warrior hits you with a +0 scimitar!!
Casting: Starburst (dangerous; 1% risk of failure)
Confirm with . or Enter, or press ? or * to list all spells.
You blink.
The death knight hits you with a +1 great sword!
* * * LOW HITPOINT WARNING * * *
Okay, then.
Unknown command.
Unknown command.
Okay, then.
You feel ready to blink again.
The skeletal warrior attacks as it pursues you!
The skeletal warrior hits you with a +0 scimitar!!
You die...

#......# #......# . #......#
#...####+####......#
#..................###### #..
....................#
#.#####.................#
#.#...#.................#
##.#...'...zpz@...)......###
#..#...#...####'##.........#
#..#.###...#.....#.........#
#..........#.....#.........#
......###....#.....#......<..#
......#?#....#.....#..########
......###....#.....#..#
.............#.....#..#
....###......#+#####..#


You could see a death knight and 2 skeletal warriors.

Vanquished Creatures
  Rupert (D:13)
  Fannar (D:12)
  A centaur warrior (D:14)
  Erica (D:8)
  An anaconda (shapeshifter) (D:13)
  3 two-headed ogres
  2 boulder beetles
  2 tengu warriors (D:13)
  An orc knight (D:12)
  An ugly thing (D:13)
  A manticore (D:13)
  An elephant (D:10)
  4 cyclopes
  A gargoyle (D:10)
  5 unseen horror zombies (D:9)
  A komodo dragon (D:10)
  A freezing wraith (D:14)
  A troll (D:12)
  A hornet (D:8)
  4 slime creatures (D:8)
  A shadow (D:13)
  2 vampires
  A wyvern (D:10)
  2 wraiths
  18 yaks
  2 steam dragons
  2 basilisks (D:10)
  5 vampire mosquitoes (D:13)
  Edmund (D:6)
  Duvessa (D:6)
  12 orc warriors
  3 ice beasts
  5 ogres
  3 black bears
  4 centaurs
  A phantom (D:4)
  10 kobold brigands
  3 bullfrogs (D:7)
  2 elf zombies (Ossuary)
  Blork the orc (D:6)
  3 gnoll sergeants
  7 scorpions
  11 wights (D:9)
  Dowan (D:6)
  9 killer bees
  3 howler monkeys
  5 hounds
  3 centaur zombies (D:9)
  10 orc priests
  A human zombie (Ossuary)
  An iron imp (D:7)
  A jelly (D:4)
  A gnoll bouda (D:6)
  6 iguanas
  11 orc wizards
  4 scorpion zombies (D:6)
  A sleepcap (D:7)
  A killer bee zombie (D:9)
  2 mummies (Ossuary)
  A howler monkey zombie (D:9)
  2 howler monkey skeletons (D:6)
  10 adders
  25 gnolls
  3 white imps
  2 ufetubi (D:6)
  3 adder zombies (Ossuary)
  5 worms
  4 dart slugs
  51 orcs
  12 ball pythons
  10 bats
  8 endoplasms
  2 giant cockroaches (D:3)
  9 goblins
  10 hobgoblins
  5 jackals
  29 kobolds
  4 quokkas
  3 frilled lizards
  10 hobgoblin zombies (Ossuary)
  2 jackal zombies (Ossuary)
  11 kobold zombies (Ossuary)
  5 orc zombies (Ossuary)
  4 rats
  3 rat zombies (Ossuary)
427 creatures vanquished.

Vanquished Creatures (collateral kills)
  An adder (D:3)
  A jackal (D:3)
2 creatures vanquished.

Vanquished Creatures (others)
  30 foxfires (D:9)
30 creatures vanquished.

Grand Total: 459 creatures vanquished

Notes
Turn   | Place    | Note
-------+----------+-------------------------------------------
     0 | D:1      | pokeman the Deep Elf Hedge Wizard began the quest for the
                  | Orb.
     0 | D:1      | Reached XP level 1. HP: 10/10 MP: 7/7
    35 | D:1      | Found Ingeodwu's Weapon Shop.
   321 | D:1      | Reached XP level 2. HP: 15/15 MP: 6/9
  1004 | D:2      | Reached skill level 5 in Spellcasting
  1076 | D:2      | Reached XP level 3. HP: 20/20 MP: 9/11
  1080 | D:2      | Learned a level 3 spell: Mephitic Cloud
  1083 | D:2      | Learned a level 2 spell: Call Imp
  1086 | D:2      | Learned a level 2 spell: Blink
  1207 | D:1      | Found Kotz's Antique Armour Shop.
  1287 | D:2      | Reached skill level 1 in Fighting
  1438 | D:2      | Reached skill level 1 in Armour
  1629 | D:2      | Reached XP level 4. HP: 15/25 MP: 8/13
  1699 | D:3      | Found Xesitij's Jewellery Shop.
  1945 | D:3      | HP: 1/25 [worm (11)]
  1982 | D:3      | Reached skill level 6 in Spellcasting
  2051 | D:3      | Reached XP level 5. HP: 29/29 MP: 13/15
  2061 | D:3      | Found a shadowy altar of Dithmenos.
  2281 | D:3      | Reached skill level 1 in Shields
  2631 | D:4      | Reached skill level 1 in Evocations
  2704 | D:4      | Found a stormy altar of Qazlal.
  2711 | D:4      | Reached XP level 6. HP: 34/34 MP: 15/17
  2719 | D:4      | Found a blossoming altar of Fedhas.
  2810 | D:4      | Reached skill level 7 in Spellcasting
  2810 | D:4      | Reached skill level 1 in Air Magic
  2810 | D:4      | Reached skill level 1 in Poison Magic
  2957 | D:4      | Found the +6 shillelagh "Devastator" {shatter}
  2985 | D:4      | Reached XP level 7. HP: 38/38 MP: 17/20
  2992 | D:4      | Reached skill level 8 in Spellcasting
  3295 | D:5      | Entered Level 5 of the Dungeon
  3515 | D:5      | Reached skill level 9 in Spellcasting
  3565 | D:5      | Reached XP level 8. HP: 41/44 MP: 23/23
  3631 | D:5      | Reached skill level 5 in Conjurations
  3638 | D:5      | Reached skill level 10 in Spellcasting
  3911 | D:5      | Found the +1 cloak of Starlight {*Dazzle EV+4 Stlth--}
  4216 | D:5      | Found a runed translucent gate.
  4216 | D:5      | Found a runed translucent gate.
  4219 | D:5      | Found a runed translucent gate.
  4222 | D:5      | Noticed Gormless's ghost (novice HOMo)
  4417 | D:6      | Noticed Edmund
  4438 | D:6      | Killed Edmund
  4457 | D:6      | Found a sacrificial altar of Ru.
  4478 | D:6      | Noticed Blork the orc
  4483 | D:6      | Reached skill level 11 in Spellcasting
  4491 | D:6      | Killed Blork the orc
  4494 | D:6      | Reached XP level 9. HP: 40/48 MP: 26/26
  4511 | D:6      | Learned a level 3 spell: Stone Arrow
  4539 | D:6      | Noticed Duvessa
  4539 | D:6      | Noticed Dowan
  4551 | D:6      | Killed Duvessa
  4552 | D:6      | Reached skill level 5 in Dodging
  4554 | D:6      | Killed Dowan
  4581 | D:6      | Reached skill level 1 in Earth Magic
  4672 | D:6      | Found a sand-covered staircase.
  4685 | Ossuary  | Entered an ossuary
  5175 | D:6      | Found a hazy altar of Hepliaklqana.
  5285 | D:6      | Reached skill level 12 in Spellcasting
  5295 | D:6      | Found the +11 Singing Sword {sonic wave}
  5474 | D:7      | Learned a level 6 spell: Starburst
  5521 | D:7      | Reached skill level 1 in Fire Magic
  5581 | D:7      | Found a sparkling altar of Nemelex Xobeh.
  5742 | D:7      | Found a basalt altar of Yredelemnul.
  5787 | D:7      | Reached XP level 10. HP: 54/54 MP: 28/28
  5807 | D:7      | Found a burning altar of Makhleb.
  5892 | D:7      | Found a staircase to the Ecumenical Temple.
  5899 | Temple   | Entered the Ecumenical Temple
  5907 | Temple   | Became a worshipper of Vehumet
  5927 | D:7      | Found a shimmering altar of Xom.
  6007 | D:7      | Found Vuloicuixo's Jewellery Shoppe.
  6111 | D:1      | Bought a runed helmet for 135 gold pieces
  6111 | D:1      | Bought a glowing buckler for 135 gold pieces
  6277 | D:8      | Noticed Erica
  6284 | D:8      | Killed Erica
  6285 | D:8      | Reached skill level 13 in Spellcasting
  6341 | D:8      | Found a hide-covered altar of Uskayaw.
  6418 | D:8      | Found an ancient bone altar of Kikubaaqudgha.
  6658 | D:8      | Identified the +4 dagger "Jygec" {flame, Will+ rCorr Dex+3}
  6800 | D:8      | Reached * piety under Vehumet
  6800 | D:8      | Offered knowledge of Foxfire by Vehumet.
  6807 | D:8      | Learned a level 1 spell: Foxfire
  7024 | D:8      | Found an ornate altar of the Wu Jian Council.
  7425 | D:9      | Reached skill level 14 in Spellcasting
  7548 | D:9      | Reached XP level 11. HP: 60/60 MP: 31/31
  7559 | D:9      | Found a white marble altar of Elyvilon.
  7595 | D:9      | Reached ** piety under Vehumet
  7596 | D:9      | Offered knowledge of Momentum Strike by Vehumet.
  7645 | D:9      | Reached skill level 10 in Dodging
  7729 | D:9      | Noticed a two-headed ogre
  7737 | D:9      | Killed a two-headed ogre
  8315 | D:10     | Entered Level 10 of the Dungeon
  8318 | D:10     | Found a staircase to the Orcish Mines.
  8332 | D:10     | Offered knowledge of Searing Ray by Vehumet.
  8464 | D:10     | Noticed a two-headed ogre
  8469 | D:10     | Killed a two-headed ogre
  8470 | D:10     | Reached skill level 15 in Spellcasting
  8470 | D:10     | Reached skill level 5 in Fire Magic
  8473 | D:10     | Reached *** piety under Vehumet
  8503 | D:10     | Found a staircase to the Lair.
  8619 | D:10     | Found a flagged portal.
  8628 | Bailey   | Entered a bailey
  8721 | Bailey   | Offered knowledge of Sticky Flame by Vehumet.
  8751 | Bailey   | Found a burning altar of Makhleb.
  8764 | Bailey   | Identified the +1 chain mail of Hixzu {+Inv}
 10067 | D:12     | Reached XP level 12. HP: 66/66 MP: 26/33
 10168 | D:12     | Noticed Fannar
 10172 | D:12     | Killed Fannar
 10173 | D:12     | Reached skill level 16 in Spellcasting
 10683 | D:12     | Reached skill level 1 in Ice Magic
 10760 | D:13     | Noticed Rupert
 10779 | D:13     | Noticed a tengu warrior
 10781 | D:13     | Noticed a tengu warrior
 10784 | D:13     | Noticed a two-headed ogre
 10788 | D:13     | Reached **** piety under Vehumet
 10922 | D:13     | Noticed a boulder beetle
 10934 | D:13     | Killed a boulder beetle
 11188 | D:13     | Killed Rupert
 11719 | D:13     | Identified the +1 helmet "Ziuwaul" {+Blink Str+2}
 12246 | D:13     | a torpor snail changed into an anaconda
 12246 | D:13     | Noticed an anaconda (shapeshifter)
 12248 | D:13     | Killed a two-headed ogre
 12249 | D:13     | Reached skill level 17 in Spellcasting
 12249 | D:13     | Killed an anaconda
 12250 | D:13     | Reached skill level 10 in Conjurations
 12251 | D:13     | Killed a tengu warrior
 12252 | D:13     | Killed a tengu warrior
 12432 | D:14     | Noticed a centaur warrior
 12436 | D:14     | Killed a centaur warrior
 12480 | D:14     | Noticed a boulder beetle
 12493 | D:14     | Killed a boulder beetle
 12500 | D:14     | Noticed a death knight
 12511 | D:14     | Offered knowledge of Olgreb's Toxic Radiance by Vehumet.
 12515 | D:14     | Slain by a skeletal warrior

Illustrated notes

Levels and vault maps discovered:
D:1:      lightli_iron_boxes, layout_loops_ring, serial_shops,
          nicolae_shop_peninsula, nicolae_shop_hallway_stairs,
          minmay_crystal_room, minmay_misc_feat_five
D:2:      layout_rooms, minmay_fountain_box, hex_tiny, serial_bayou_crossing
D:3:      minmay_chambers_of_threes, layout_rooms, mainiacjoe_overflow_alcove_4,
          serial_shops, shop, minmay_surrounded
D:4:      layout_rooms, grunt_temple_overflow_forces_of_nature, minivault_5,
          minivault_5, dilly_guarded_unrand_devastator
D:5:      layout_basic, gammafunk_ghost_necromancy, grunt_decor_fettered,
          minmay_manual_moon
D:6:      old_forge, layout_basic, hangedman_ru_absence,
          mainiacjoe_overflow_24_doors, mainiacjoe_ossuary_entry_find_the_door,
          uniq_blork_the_orc, uniq_duvessa, uniq_edmund
D:7:      layout_rooms, kennysheep_little_box,
          mainiacjoe_overflow_cross_hatched, nemelex_dance_club_becter,
          makhleb_grotto_becter, temple_green, serial_shops,
          nicolae_shop_behind_doors
D:8:      kennysheep_steamy, layout_basic, nicolae_wu_jian_immortal_techniques,
          nicolae_overflow_hidden_temple, nicolae_uskayaw_dance_hall,
          grunt_ministairs_4, uniq_erica
D:9:      layout_irregular_city, mainiacjoe_overflow_alcove_2, serial_undead,
          serial_undead_a, serial_undead_e, serial_undead_e, serial_undead_d
D:10:     layout_basic, david_lair_generic, david_orc_5, enter_bailey_8
D:11:     layout_basic, nicolae_figureground_pulse
D:12:     layout_loops_cross, hex_medium, corexii_checkpoint, uniq_fannar
D:13:     layout_stronghold, nicolae_fountain_basement, uniq_rupert
D:14:     layout_irregular_city, hellmonk_vaults_order_and_chaos,
          item_on_display_b
Temple:   nicolae_temple_colour_theory

Skill      XL: |  1  2  3  4  5  6  7  8  9 10 11 12 |
---------------+-------------------------------------+-----
Spellcasting   | 5 6 7 9 11 12 14 15 17 | 17.5
Fighting       | 1 2 3 4 |  4.0
Armour         | 1 2 3 4 |  4.1
Conjurations   | 2 3 4 6 8 9 10 | 10.2
Dodging        | 3 4 7 9 11 13 | 13.7
Shields        | 1 2 3 4 |  4.8
Stealth        | 3 |  3.0
Evocations     | 1 |  1.0
Air Magic      | 1 |  1.1
Poison Magic   | 1 |  1.2
Earth Magic    | 3 4 |  4.0
Fire Magic     | 1 4 6 7 |  7.5
Ice Magic      | 1 |  1.1
Summonings     | |  1.1
Translocations | |  1.1

Action                     |  1- 3 |  4- 6 |  7- 9 | 10-12 || total
---------------------------+-------+-------+-------+-------++-------
  Melee: Dagger            |     3 |    49 |    19 |       ||    71
         Shillelagh        |       |       |   113 |    35 ||   148
         Double sword      |       |       |    28 |   223 ||   251
         Punch             |       |       |       |     1 ||     1
   Cast: Magic Dart        |   103 |   111 |    76 |     3 ||   293
         Call Imp          |     1 |     1 |     2 |       ||     4
         Mephitic Cloud    |       |    13 |    35 |    54 ||   102
         Blink             |       |     1 |       |     5 ||     6
         Stone Arrow       |       |       |       |    58 ||    58
         Foxfire           |       |       |       |    15 ||    15
         Starburst         |       |       |       |    40 ||    40
  Evoke: Wand              |       |       |       |     5 ||     5
    Use: Scroll            |       |       |       |    11 ||    11
         Potion            |       |       |       |     1 ||     1
   Stab: Sleeping          |     3 |       |       |       ||     3
         Confused          |       |     5 |    15 |    19 ||    39
         Invisible         |       |       |     2 |     7 ||     9
 Armour: Robe              |    14 |    22 |    65 |   132 ||   233
  Dodge: Dodged            |    18 |    26 |   144 |   311 ||   499

Table legend: (Time is in decaauts)
 A = Elapsed time spent in this place.
 B = Non-inter-level travel time spent in this place.
 C = Inter-level travel time spent in this place.
 D = Time resting spent in this place.
 E = Time spent auto-exploring this place.
 F = Levels seen in this place.
 G = Mean time per level.
                   A        B        C        D        E       F      G
               +--------+--------+--------+--------+--------+-----+--------+
         Total |  12710 |  11723 |    987 |     75 |   8862 |  17 |  747.6 |
       Dungeon |  12183 |  11207 |    976 |     75 |   8675 |  14 |  870.2 |
        Temple |     48 |     38 |     10 |      0 |      0 |   1 |   48.0 |
       Ossuary |    272 |    272 |      0 |      0 |    121 |   1 |  272.0 |
        Bailey |    206 |    206 |      0 |      0 |     66 |   1 |  206.0 |
               +--------+--------+--------+--------+--------+-----+--------+

Top non-repeatable levels by time:
    D:13: 1585 daAuts
     D:8: 1239 daAuts
     D:9: 1096 daAuts
     D:5: 1084 daAuts
     D:1: 964 daAuts
     D:3: 892 daAuts
     D:6: 883 daAuts
    D:12: 795 daAuts
     D:4: 789 daAuts
     D:2: 730 daAuts
    D:10: 715 daAuts
     D:7: 681 daAuts
    D:11: 632 daAuts
 Ossuary: 272 daAuts
  Bailey: 206 daAuts
